 Dungeon Crawl Stone Soup version 0.31.0-32-g396128a36d (webtiles) character file.

Game seed: 17626318704703535891

24 James the Shooter (level 2, 0/23 HPs)
             Began as a Draconian Hexslinger on Mar 16, 2024.
             Slain by a kobold
             ... wielding a +0 dagger
              (3 damage)
             ... on level 1 of the Dungeon.
             The game lasted 00:01:34 (455 turns).

James the Shooter (Draconian Hexslinger)             Turns: 455, Time: 00:01:35

Health: 0/23       AC:  4    Str: 10    XL:     2   Next: 79%
Magic:  3/3        EV: 12    Int: 13    God:
Gold:   35         SH:  0    Dex: 13    Spells: 3/3 levels left

rFire   . . .        a - +1 sling
rCold   . . .        (no shield)
rNeg    . . .        (body armour unavailable)
rPois   .            (helmet restricted)
rElec   .            (no cloak)
rCorr   .            (no gloves)
SInv    .            (no boots)
Will    .....        e - amulet of magic regeneration
Stlth   +            (no ring)
HPRegen 0.23/turn    (no ring)
MPRegen 0.48/turn

%: no passive effects
@: no status effects
A: AC +4, unfitting armour, cold-blooded
a: no special abilities


You were on level 1 of the Dungeon.
You visited 1 branch of the dungeon, and saw 1 of its levels.

You collected 35 gold pieces.

Inventory:

Hand Weapons
 a - a +1 sling (weapon)
 b - a +0 dagger
   (You took it off a goblin on level 1 of the Dungeon)
Jewellery
 e - an amulet of magic regeneration (around neck)
   (You found it on level 1 of the Dungeon)
Scrolls
 d - a scroll of identify {unknown}
 f - a scroll of poison {!r}
 g - a scroll of brand weapon {unknown}
Potions
 c - a potion of heal wounds {unknown}


   Skills:
 - Level 1.1 Fighting
 + Level 3.1 Ranged Weapons
 - Level 1.7 Dodging
 - Level 1.0 Spellcasting
 - Level 2.6 Hexes
 - Level 1.0 Fire Magic


You had 3 spell levels left.
You didn't know any spells.
Your spell library contained the following spells:

 Spells                   Type           Power      Damage    Failure   Level
 Jinxbite                 Hex            14%        N/A       14%         2
 Sigil of Binding         Hex            7%         N/A       28%         3
 Inner Flame              Hex/Fire       5%         N/A       36%         3
 Cause Fear               Hex            3%         N/A       67%         4
 Dimensional Bullseye     Hex/Tloc       2%         N/A       85%         4


Dungeon Overview and Level Annotations

Branches:
Dungeon (1/15)

Altars:


Innate Abilities, Weirdness & Mutations

Your plain brown scales are hard. (AC +4)
You cannot fit into any form of body armour.
You are cold-blooded and may be slowed by cold attacks.


Message History

The goblin hits you with a +0 club. The kobold hits you with a +0 dagger.
You shoot a sling bullet.
The sling bullet barely misses the kobold.
The goblin closely misses you. The kobold hits you but does no damage.
You shoot a sling bullet.
The sling bullet hits the kobold but does no damage.
The goblin barely misses you. The kobold hits you with a +0 dagger.
The kobold hits you but does no damage. The goblin hits you but does no damage.
You shoot a sling bullet.
The sling bullet barely misses the kobold.
The goblin hits you with a +0 club.
* * * LOW HITPOINT WARNING * * *
The kobold hits you with a +0 dagger.
* * * LOW HITPOINT WARNING * * *
Fire: a) +1 sling
Press: ? - help, Q - select action Shift-Dir - straight line, f/p - kobold
Aim: a kobold, wielding a +0 dagger and quivering stones (47% to hit)
You shoot a sling bullet.
The sling bullet closely misses the kobold.
The goblin hits you with a +0 club.
* * * LOW HITPOINT WARNING * * *
The kobold hits you with a +0 dagger.
* * * LOW HITPOINT WARNING * * *
Fire: a) +1 sling
Press: ? - help, Q - select action Shift-Dir - straight line, f/p - kobold
Aim: a kobold, wielding a +0 dagger and quivering stones (47% to hit)
You shoot a sling bullet. The sling bullet hits the kobold.
The goblin closely misses you. The kobold misses you.
Fire: a) +1 sling
Press: ? - help, Q - select action Shift-Dir - straight line, f/p - kobold
Aim: a kobold, wielding a +0 dagger and quivering stones (47% to hit)
You shoot a sling bullet.
The sling bullet closely misses the kobold.
The goblin hits you with a +0 club.
* * * LOW HITPOINT WARNING * * *
The kobold barely misses you. x2; The goblin hits you but does no damage.
Fire: a) +1 sling
Press: ? - help, Q - select action Shift-Dir - straight line, f/p - kobold
Aim: a kobold, wielding a +0 dagger and quivering stones (47% to hit)
You shoot a sling bullet.
The sling bullet closely misses the kobold.
The goblin hits you but does no damage. The kobold hits you but does no damage.
Fire: a) +1 sling
Press: ? - help, Q - select action Shift-Dir - straight line, f/p - kobold
Aim: a kobold, wielding a +0 dagger and quivering stones (47% to hit)
You shoot a sling bullet. The sling bullet hits the kobold.
The goblin hits you with a +0 club.
* * * LOW HITPOINT WARNING * * *
The kobold hits you with a +0 dagger.
You die...

# ### ## #.... #.. .## .... ###.#
..## ... #...# ...# ... #.#..
..## ##.## #...# .###########
#...# #######... ...†.......#
#.Kg# #.......## ###..#####%#
#.@.# #.#####.# ###..#####.#
#...# #.# #.# #.......##.# #...#
#.# #.# #.##.##.##.# #...######†#
#.#
#.##.##.##.####..........#####.#
#..÷.................[.........##
...#......................#......
#........................##....##
#######.#####.......###.###.####


You could see a goblin and a kobold.

Vanquished Creatures
  2 dart slugs (D:1)
  A bat (D:1)
  2 endoplasms (D:1)
  A giant cockroach (D:1)
  2 goblins (D:1)
  A hobgoblin (D:1)
  5 ball pythons (D:1)
  3 frilled lizards (D:1)
  2 kobolds (D:1)
  A rat (D:1)
20 creatures vanquished.

Notes
Turn   | Place    | Note
-------+----------+-------------------------------------------
     0 | D:1      | James the Draconian Hexslinger began the quest for the Orb.
     0 | D:1      | Reached XP level 1. HP: 16/16 MP: 2/2
    30 | D:1      | Reached skill level 2 in Ranged Weapons
    71 | D:1      | Reached XP level 2. HP: 23/23 MP: 3/3
   221 | D:1      | Found a faded altar of an unknown god.
   393 | D:1      | Reached skill level 3 in Ranged Weapons
   455 | D:1      | Slain by a kobold

Illustrated notes

Levels and vault maps discovered:
D:1:      dpeg_arrival_rooms_b, layout_loops_cross,
          hellmonk_ecumenical_altar_inner_sanctum

Skill      XL: |  1  2 |
---------------+-------+-----
Ranged Weapons | 2 3 |  3.1
Fighting       | |  1.1
Dodging        | |  1.7
Spellcasting   | |  1.0
Hexes          | |  2.6
Fire Magic     | |  1.0

Action                     || total
---------------------------++-------
   Fire: Sling             ||    71
 Armour: Skin              ||    36
  Dodge: Dodged            ||    26
